 Dungeon Crawl Stone Soup version 0.27.1-4-g1640c2035a (webtiles) character file.

Game seed: 6442663132697955713

62 styxcanada the Sneak (level 3, 0/18 HPs)
             Began as a Spriggan Brigand on Nov 2, 2021.
             Killed from afar by Sigmund (8 damage)
             ... with a puff of flame
             ... on level 2 of the Dungeon.
             The game lasted 00:05:36 (1765 turns).

styxcanada the Sneak (Spriggan Brigand)             Turns: 1765, Time: 00:05:36

Health: 0/18       AC:  3    Str:  7    XL:     3   Next: 85%
Magic:  5/5        EV: 17    Int: 12    God:
Gold:   83         SH:  0    Dex: 17    Spells: 1/3 levels left

rFire    . . .     SeeInvis +   a - +2 dagger
rCold    . . .     Faith    .   (shield restricted)
rNeg     . . .     Spirit   .   b - +0 robe
rPois    .         Reflect  .   (helmet restricted)
rElec    .         Harm     .   c - +0 cloak
rCorr    .         Rampage  .   (gloves unavailable)
Will     .....                  (boots unavailable)
Stlth    ++++......             (no amulet)
HPRegen  0.06/turn              (no ring)
MPRegen  0.09/turn              (no ring)

@: very quick
A: very small, no large weapons, unfitting armour, see invisible, speed 3
a: no special abilities


You were on level 2 of the Dungeon.
You visited 1 branch of the dungeon, and saw 2 of its levels.

You collected 83 gold pieces.

Inventory:

Hand Weapons
 a - a +2 dagger (weapon)
Missiles
 f - 14 stones (quivered)
 h - 6 boomerangs
Armour
 b - a +0 robe (worn)
 c - a +0 cloak (worn)
Scrolls
 g - 2 scrolls of teleportation {unknown}
 i - a scroll of noise {unknown}
 j - a scroll of amnesia {unknown}
 l - 2 scrolls of enchant weapon {unknown}
 n - a scroll of identify {unknown}
Potions
 k - 2 potions of lignification {unknown}
 m - a potion of might {unknown}


   Skills:
 * Level 1.7 Fighting
 + Level 2.4 Short Blades
 + Level 2.0 Throwing
 * Level 2.1 Dodging
 * Level 7.5 Stealth
 * Level 0.8 Spellcasting
 * Level 0.4 Hexes


You had one spell level left.
You knew the following spells:

 Your Spells              Type           Power      Damage    Failure   Level
a - Slow                  Hex            1%         N/A       36%         2

Your spell library contained the following spells:

 Spells                   Type           Power      Damage    Failure   Level
 Confusing Touch          Hex            1%         N/A       61%         3
 Inner Flame              Hex/Fire       1%         N/A       63%         3
 Vampiric Draining        Necr           0%         2d6       67%         3
 Cause Fear               Hex            0%         N/A       95%         4
 Discord                  Hex            0%         N/A       100%        8


Dungeon Overview and Level Annotations

Branches:
Dungeon (2/15)

Altars:
Trog

Annotations:
D:2 Sigmund


Innate Abilities, Weirdness & Mutations

You are very small and have problems with some larger weapons.
You are too small for most types of armour.
You have supernaturally acute eyesight. (SInv)
You cover ground extremely quickly. (Speed+++)


Message History

Throw: 4 darts (poison)
Press: ? - help, Q - select action, (/) - cycle Shift-Dir - straight line, f/p - Sigmund
Aim: Sigmund, wielding a +0 scythe, wearing a +2 robe of fire resistance and carrying a wand of flame (10) (lightly wounded, slightly transparent, very poisoned, 57% to hit)
You throw a poisoned dart.
The poisoned dart closely misses Sigmund.
Sigmund gestures at you while chanting. You resist with some effort.
Throw: 3 darts (poison)
Press: ? - help, Q - select action, (/) - cycle Shift-Dir - straight line, f/p - Sigmund
Aim: Sigmund, wielding a +0 scythe, wearing a +2 robe of fire resistance and carrying a wand of flame (10) (lightly wounded, slightly transparent, very poisoned, 57% to hit)
You throw a poisoned dart.
The poisoned dart barely misses Sigmund.
Throw: 2 darts (poison)
Press: ? - help, Q - select action, (/) - cycle Shift-Dir - straight line, f/p - Sigmund
Aim: Sigmund, wielding a +0 scythe, wearing a +2 robe of fire resistance and carrying a wand of flame (10) (lightly wounded, slightly transparent, very poisoned, 57% to hit)
You throw a poisoned dart. The poisoned dart hits Sigmund.
Sigmund looks even sicker.
Sigmund is lightly wounded.
Throw: dart (poison)
Press: ? - help, Q - select action, (/) - cycle Shift-Dir - straight line, f/p - Sigmund
Aim: Sigmund, wielding a +0 scythe, wearing a +2 robe of fire resistance and carrying a wand of flame (10) (moderately wounded, slightly transparent, very poisoned, 57% to hit)
You throw a poisoned dart.
The poisoned dart barely misses Sigmund.
A hobgoblin comes into view.
Sigmund gestures at you while chanting. The magic dart hits you.
Throw: 2 darts (curare)
Press: ? - help, Q - select action, (/) - cycle Shift-Dir - straight line, f - hobgoblin
Aim: a hobgoblin (60% to hit)
You throw a curare-tipped dart.
The curare-tipped dart barely misses the hobgoblin.
Unknown command.
Throw: dart (curare)
Press: ? - help, Q - select action, (/) - cycle Shift-Dir - straight line, f - Sigmund, p - hobgoblin
Aim: Sigmund, wielding a +0 scythe, wearing a +2 robe of fire resistance and carrying a wand of flame (10) (moderately wounded, slightly transparent, very poisoned, 57% to hit)
You throw a curare-tipped dart.
The curare-tipped dart completely misses Sigmund.
Sigmund casts a spell at you. The puff of flame hits you!
You die...

#......###..#.......... #.._..##
##.#...#####.#
#.....#####.#.....# #.#
##.....#...#.###.#.# #.#
###........###.......# #.#
.....#.#######.#.#.#.###.##
.###..................##..######
......########.#.#.#.†.........#
###....# ####..@......@(.....## #
##...##......#.#.#..###.#####
####...................##)#
..............g...##.#....##
).....#######........###...##
......### #(....##..###..>.##
........# #.............(...#
..#.#.#............<.............
............ #####..([.##...


You could see Sigmund (invisible, very poisoned) and a hobgoblin.

Vanquished Creatures
  A gnoll (D:1)
  An adder (D:2)
  A dart slug (D:2)
  2 ball pythons
  5 endoplasms (D:1)
  2 giant cockroaches (D:1)
  3 goblins
  3 hobgoblins
  A quokka (D:1)
  6 bats
  5 frilled lizards
  6 kobolds
  3 rats
39 creatures vanquished.

Notes
Turn   | Place    | Note
-------+----------+-------------------------------------------
     0 | D:1      | styxcanada the Spriggan Brigand began the quest for the
                  | Orb.
     0 | D:1      | Reached XP level 1. HP: 10/10 MP: 2/2
    95 | D:1      | Reached skill level 6 in Stealth
   254 | D:1      | Reached XP level 2. HP: 14/14 MP: 3/3
   492 | D:1      | Reached skill level 7 in Stealth
   695 | D:1      | Reached XP level 3. HP: 9/18 MP: 4/4
  1012 | D:1      | Learned a level 2 spell: Slow
  1059 | D:1      | Found a faded altar of an unknown god.
  1370 | D:2      | Found a bloodstained altar of Trog.
  1739 | D:2      | Noticed Sigmund
  1765 | D:2      | Killed from afar by Sigmund

Illustrated notes

Levels and vault maps discovered:
D:1:      dpeg_arrival_round_b, layout_loops_corners, basic_ecumenical_altar
D:2:      layout_rooms, basic_altar, serial_glass, glass_columns_a,
          glass_columns_c, glass_columns_a, glass_columns_b, glass_columns_b,
          glass_columns_b, glass_columns_c, glass_columns_a,
          minmay_snake_closets, uniq_sigmund

Skill      XL: |  1  2  3 |
---------------+----------+-----
Stealth        | 6 7 |  7.5
Dodging        | 2 |  2.1
Fighting       | |  1.7
Short Blades   | |  2.4
Throwing       | |  2.0
Spellcasting   | |  0.8
Hexes          | |  0.4

Action                   || total
-------------------------++-------
Melee: Dagger            ||   126
Throw: Dart              ||    12
 Stab: Sleeping          ||    13
Armor: Robe              ||    13
Dodge: Dodged            ||    89
